 Dungeon Crawl Stone Soup version 0.31-a0-216-g22e908daa7 (webtiles) character file.

Game seed: 10741051734437455741

159 qw the Shooter (level 5, -10/30 HPs)
             Began as a Gargoyle Hexslinger on July 1, 2023.
             Was an Initiate of Okawaru.
             Mangled by an orc warrior
             ... wielding a +0 glaive
              (12 damage)
             ... on level 4 of the Dungeon.
             The game lasted 00:00:53 (2369 turns).

qw the Shooter (Gargoyle Hexslinger)                Turns: 2369, Time: 00:00:54

Health: -10/30     AC:  9    Str: 18    XL:     5   Next: 40%
Magic:  6/6        EV: 11    Int: 13    God:    Okawaru [......]
Gold:   94         SH:  0    Dex: 14    Spells: 5/6 levels left

rFire   . . .        Y - +0 shortbow
rCold   . . .        (shield currently unavailable)
rNeg    + . .        h - +0 ring mail
rPois   inf          (no helmet)
rElec   +            (no cloak)
rCorr   .            (no gloves)
SInv    .            (no boots)
Will    .....        (no amulet)
Stlth   +            c - +6 ring of strength
HPRegen 0.25/turn    (no ring)
MPRegen 0.10/turn

%: no passive effects
@: about to teleport
A: sickness immunity, AC +4, negative energy resistance 1, electricity
resistance, torment resistance 1, petrification resistance
a: Renounce Religion


You were on level 4 of the Dungeon.
You worshipped Okawaru.
Okawaru was noncommittal.
You visited 2 branches of the dungeon, and saw 5 of its levels.

You collected 186 gold pieces.
You spent 92 gold pieces at shops.


Innate Abilities, Weirdness & Mutations

You are immune to sickness and miasma.
Your stone body is resilient. (AC +4)
You are immune to poison.
You resist negative energy. (rN+)
You are resistant to electric shocks. (rElec)
You are resistant to unholy torment.
You are immune to petrification.


   Skills:
 - Level 2.0 Fighting
 + Level 4.7 Ranged Weapons
 - Level 1.8 Armour
 - Level 1.5 Dodging
 - Level 1.0 Spellcasting
 - Level 2.6 Hexes


You had 5 spell levels left.
You knew the following spells:

 Your Spells              Type           Power      Damage    Failure   Level
a - Slow                  Hex            28%        N/A       16%         1

Your spell library contained the following spells:

 Spells                   Type           Power      Damage    Failure   Level
 Inner Flame              Hex/Fire       4%         N/A       63%         3
 Portal Projectile        Hex/Tloc       8%         N/A       63%         3
 Cause Fear               Hex            3%         N/A       85%         4

Inventory:

Hand Weapons
 Y - a +0 shortbow (weapon)
Armour
 f - a +0 helmet
 h - a +0 ring mail (worn)
Jewellery
 c - a +6 ring of strength (left hand)
Scrolls
 a - a scroll of identify
 e - 3 scrolls of teleportation
Potions
 b - a potion of mutation
 d - a potion of enlightenment {unknown}
 j - a potion of curing {unknown}
 l - a potion of heal wounds {unknown}

Dungeon Overview and Level Annotations

Branches:
Dungeon (4/15)             Temple (1/1) D:4

Altars:
Dithmenos
Elyvilon
Fedhas
Gozag
Hepliaklqana
Kikubaaqudgha
Makhleb
Okawaru
Qazlal
Ru
Sif Muna
Wu Jian
Xom
Yredelemnul
The Shining One

Shops:
D:4 *


Message History

An orc comes into view. It is wielding a +0 club.
Enter note:
Enter note:
Enter note:
Enter note:
Enter note:
Enter note:
Enter note:
Enter note:
Enter note: You shoot an arrow.
The arrow barely misses the orc.
The orc hits you with a +3 whip.
You shoot an arrow. The arrow hits the orc.
You kill the orc!
Okawaru accepts your kill. The orc closely misses you.
You shoot an arrow.
The arrow hits the orc but does no damage.
The orc warrior hits you from afar with a +0 glaive!
The orc hits you with a +0 mace.
You shoot an arrow. The arrow barely misses the orc.
The orc warrior hits you from afar with a +0 glaive!
The hobgoblin barely misses you. The orc closely misses you.
You shoot an arrow. The arrow completely misses the orc.
The orc warrior barely misses you.
The hobgoblin hits you but does no damage.
The orc closely misses you.
You shoot an arrow. The arrow hits the orc.
The orc is moderately wounded.
The orc warrior hits you from afar with a +0 glaive.
The hobgoblin hits you but does no damage.
The orc hits you with a +0 mace. The orc misses you.
The hobgoblin barely misses you.
The orc warrior hits you from afar with a +0 glaive.
The orc hits you but does no damage.
2369 ||| READING 4 scrolls of teleportation.
As you read the scroll of teleportation, it crumbles to dust.
You feel strangely unstable.
The orc warrior hits you from afar with a +0 glaive!
You die...

............. . .#..
............. ..#....
.......!...0. #......
000.........0 #.#....
..00......0.. #....
'##............. #...o
..#.............
###..g##.#...0.......00
#...oo@..#.0..0........
#.#..o##.#.....0.>.....
#...#..##############
#...#...#...#........
#...#.#.....#........
#...#.#....##........
......##....#........
##...####....#........
............#.####'


You could see an orc warrior, 3 orcs and a hobgoblin.

Vanquished Creatures
  A howler monkey (D:4)
  A hound (D:4)
  2 adders
  A dart slug (D:2)
  8 orcs
  5 ball pythons
  6 bats
  4 endoplasms
  5 giant cockroaches
  7 goblins
  3 hobgoblins
  2 quokkas
  2 frilled lizards (D:1)
  4 kobolds
  6 rats
57 creatures vanquished.

Notes
Turn   | Place    | Note
-------+----------+-------------------------------------------
     0 | D:1      | qw the Gargoyle Hexslinger began the quest for the Orb.
     0 | D:1      | Reached XP level 1. HP: 12/12 MP: 2/2
     0 | D:1      | 0 ||| qw: Version: 0.3-a-35-g05ef00e
     0 | D:1      | 0 ||| qw: Game counter: 7743
     0 | D:1      | 0 ||| qw: Melee chars always use a shield: true
     0 | D:1      | 0 ||| qw: God list: Okawaru
     0 | D:1      | 0 ||| qw: Allow faded altars: false
     0 | D:1      | 0 ||| qw: Do Orc after clearing Dungeon:15 true
     0 | D:1      | 0 ||| qw: Do second Lair branch before Depths: true
     0 | D:1      | 0 ||| qw: Lair rune preference: random
     0 | D:1      | 0 ||| qw: Goals: Normal
     0 | D:1      | 0 ||| PLANNING D:1-11
    15 | D:1      | 15 ||| DROPPING scroll of poison.
    62 | D:1      | Reached XP level 2. HP: 16/16 MP: 3/3
   193 | D:1      | Reached skill level 3 in Ranged Weapons
   479 | D:1      | 479 ||| READING scroll labelled VABLOC IPEO.
   489 | D:1      | 489 ||| READING scroll labelled ASERUIDYUS.
   492 | D:1      | 492 ||| READING scroll labelled ZIHIRGH FEOS.
   530 | D:2      | Reached XP level 3. HP: 21/21 MP: 4/4
   548 | D:2      | Found a white marble altar of Elyvilon.
  1064 | D:2      | Found a faded altar of an unknown god.
  1065 | D:2      | 1065 ||| UPGRADING to +0 leather armour.
  1075 | D:2      | 1075 ||| DROPPING +0 robe.
  1361 | D:3      | Reached XP level 4. HP: 26/26 MP: 5/5
  1766 | D:3      | 1766 ||| UPGRADING to +0 ring mail.
  1776 | D:3      | 1776 ||| DROPPING +0 leather armour.
  1777 | D:3      | 1777 ||| UPGRADING to +6 ring of strength.
  1778 | D:3      | 1778 ||| READING scroll labelled KUASTR BECSIEW.
  1779 | D:3      | 1779 ||| DRINKING 2 smoky clear potions.
  1780 | D:3      | 1780 ||| DROPPING potion of attraction.
  1802 | D:4      | Found Porhed's Assorted Antiques.
  1811 | D:4      | 1811 ||| BUYING 2 coppery potions (45 gold).
  1811 | D:4      | Bought 2 coppery potions for 45 gold pieces
  1811 | D:4      | 1811 ||| BUYING fizzy white potion (22 gold).
  1811 | D:4      | Bought a fizzy white potion for 22 gold pieces
  1811 | D:4      | 1811 ||| SHOPLISTING gold wand (100 gold, have 67).
  1811 | D:4      | 1811 ||| SHOPLISTING pair of gloves (112 gold, have 67).
  1811 | D:4      | 1811 ||| BUYING scroll labelled BEAQOMNION (25 gold).
  1811 | D:4      | Bought a scroll labelled BEAQOMNION for 25 gold pieces
  1811 | D:4      | 1811 ||| SHOPLISTING tapered wooden wand (100 gold, have
                  | 42).
  1839 | D:4      | Reached skill level 4 in Ranged Weapons
  1847 | D:4      | Reached skill level 1 in Armour
  1862 | D:4      | HP: 6/26 [howler monkey (6)]
  1863 | D:4      | 1863 ||| READING 5 scrolls of teleportation.
  1865 | D:4      | Reached XP level 5. HP: 6/30 MP: 6/6
  2011 | D:4      | Found a shadowy altar of Dithmenos.
  2071 | D:4      | 2071 ||| SWAPPING to +0 shortbow.
  2073 | D:4      | 2073 ||| DROPPING +1 sling.
  2130 | D:4      | Found a staircase to the Ecumenical Temple.
  2131 | D:4      | 2131 ||| PLANNING TEMPLE
  2131 | D:4      | 2131 ||| READING scroll labelled BEAQOMNION.
  2132 | D:4      | 2132 ||| READING scroll labelled KENOIFF JOGA.
  2133 | D:4      | 2133 ||| DRINKING 2 coppery potions.
  2133 | D:4      | Gained mutation: You have an increased reservoir of magic.
                  | (+10% MP) [potion of mutation]
  2133 | D:4      | Lost mutation: You have an increased reservoir of magic.
                  | (+10% MP) [potion of mutation]
  2134 | D:4      | 2134 ||| DRINKING 2 fizzy white potions.
  2135 | D:4      | 2135 ||| DRINKING 2 viscous black potions.
  2136 | D:4      | 2136 ||| DROPPING potion of magic.
  2137 | D:4      | 2137 ||| DROPPING potion of invisibility.
  2146 | Temple   | Entered the Ecumenical Temple
  2147 | Temple   | 2147 ||| PLANNING OKAWARU WORSHIP
  2219 | Temple   | Became a worshipper of Warmaster Okawaru
  2220 | Temple   | 2220 ||| PLANNING D:1-11
  2362 | D:4      | Noticed an orc warrior
  2368 | D:4      | HP: 6/30 [orc/+0 mace (2)]
  2368 | D:4      | HP: 2/30 [orc warrior/+0 glaive (4)]
  2369 | D:4      | 2369 ||| READING 4 scrolls of teleportation.
  2369 | D:4      | Mangled by an orc warrior

Levels and vault maps discovered:
D:1:      wander_arrival_fairy_ring, layout_basic, minmay_misc_feat_pillars,
          wad_floor_pattern_1
D:2:      layout_basic, shapermc_ecumenical_altar_acropolis, basic_altar,
          roderic_serpentine_path
D:3:      layout_basic
D:4:      layout_basic, mainiacjoe_overflow_concentric_impassable,
          lemuel_temple_firewalk_a, serial_shops, shop,
          minmay_fractal_squares_gapless_5
Temple:   eino_temple_lava

Skill      XL: |  1  2  3  4 |
---------------+-------------+-----
Ranged Weapons | 3 4 |  4.7
Fighting       | 2 |  2.0
Armour         | 1 |  1.8
Dodging        | |  1.5
Spellcasting   | |  1.0
Hexes          | |  2.6

Action                     |  1- 3 |  4- 6 || total
---------------------------+-------+-------++-------
   Fire: Sling             |   106 |    49 ||   155
         Shortbow          |       |    19 ||    19
    Use: Scroll            |     3 |     5 ||     8
         Potion            |       |     4 ||     4
 Armour: Robe              |     1 |       ||     1
         Leather armour    |    12 |       ||    12
         Ring mail         |       |    27 ||    27
  Dodge: Dodged            |    27 |    28 ||    55

Table legend:
 A = Non-vault XP
 B = Vault XP
 C = Vault XP percentage of total XP
 D = Non-vault monster count
 E = Vault monster count
 F = Vault count percentage of total count
                 A         B        C        D         E       F
            +---------+---------+-------+---------+---------+-------
      Total |     228 |       0 |   0.0 |      57 |       0 |   0.0
            +---------+---------+-------+---------+---------+-------
        D:1 |      28 |       0 |   0.0 |      17 |       0 |   0.0
        D:2 |      18 |       0 |   0.0 |       9 |       0 |   0.0
        D:3 |      45 |       0 |   0.0 |      19 |       0 |   0.0
        D:4 |     137 |       0 |   0.0 |      12 |       0 |   0.0
            +---------+---------+-------+---------+---------+-------
